 Dungeon Crawl Stone Soup version 0.22-a0-525-gf69a080 (webtiles) character file.

3 iamserjio the Charmwright (level 1, -7/11 HPs)
             Began as a Vine Stalker Skald on June 21, 2018.
             Killed from afar by Sigmund (10 damage)
             ... with a wand of flame (9)
             ... on level 2 of the Dungeon.
             The game lasted 00:02:09 (200 turns).

iamserjio the Charmwright (Vine Stalker Skald)       Turns: 200, Time: 00:02:10

Health: -7/11      AC:  3    Str: 13    XL:     1   Next: 50%
Magic:  0/4        EV: 11    Int: 13    God:
Gold:   23         SH:  0    Dex: 13    Spells: 3/4 levels left

rFire    . . .     SeeInvis .     - Unarmed
rCold    . . .     Gourm    .   (no shield)
rNeg     . . .     Faith    .   a - +0 leather armour
rPois    .         Spirit   +   (no helmet)
rElec    .         Reflect  .   (no cloak)
rCorr    .         Harm     .   (no gloves)
MR       .....                  (no boots)
Stlth    +.........             (no amulet)
HPRegen  0.03/turn              (no ring)
MPRegen  0.09/turn              (no ring)

@: confused, infused
A: fangs 2, magic shield, antimagic bite, no potion heal 3, rot immunity
a: no special abilities


You were on level 2 of the Dungeon.
You were not hungry.

You visited 1 branch of the dungeon, and saw 2 of its levels.

You collected 23 gold pieces.

Inventory:

Armour
 a - a +0 leather armour (worn)
Scrolls
 d - a scroll of remove curse {unknown}
 e - a scroll of identify {unknown}
Potions
 b - a potion of magic {unknown}
Comestibles
 c - 4 rations


   Skills:
 + Level 1.9 Fighting
 - Level 0.7 Armour
 - Level 1.5 Dodging
 * Level 2.2 Unarmed Combat
 - Level 2.1 Spellcasting
 - Level 3.0 Charms


You had 3 spell levels left.
You knew the following spells:

 Your Spells              Type           Power        Failure   Level  Hunger
a - Infusion              Chrm           #...         10%         1    ##.....

Your spell library contained the following spells:

 Spells                   Type           Power        Failure   Level  Hunger
 Regeneration             Chrm/Necr      #.........   45%         3    ####...
 Shroud of Golubria       Chrm/Tloc      #.........   26%         2    ###....
 Song of Slaying          Chrm           #.......     14%         2    ###....
 Spectral Weapon          Hex/Chrm       #.......     45%         3    ####...


Dungeon Overview and Level Annotations

Branches:
Dungeon (2/15)

Altars:

Annotations:
D:2 Sigmund


Innate Abilities, Weirdness & Mutations

You have extremely sharp teeth.
When hurt, damage is shared between your health and your magic reserves.
Your bite disrupts and absorbs the magic of your enemies.
Potions cannot restore your health.
You are immune to rotting.


Message History

You begin infusing your attacks with magical energy.
Sigmund drinks a potion.
Sigmund seems to speed up.
Sigmund barely misses you. Sigmund gestures at you while chanting.
The puff of flame hits you!
You hit Sigmund.
Sigmund is lightly wounded.
Sigmund gestures at you while chanting. The puff of flame hits you!
* * * LOW HITPOINT WARNING * * *
Sigmund points at you and mumbles some strange words.
You are confused.
You bump into the rock wall.
Sigmund casts a spell at you. You resist with significant effort.
You hit Sigmund but do no damage.
Sigmund is lightly wounded.
Sigmund zaps a wand.
The puff of flame hits you!
Ouch! That really hurt!
You die...

. . ##### #.
....# .####.
#.....#
....#.###.....#
.###..(..@.....#
........@#...@.#
#.....#.#....
..##....##.#
#...##..#####..
#......<....?..
##.........##..
#.#.......#
.............
..........%...##


You could see Sigmund.

Vanquished Creatures
  A giant cockroach (D:1)
  A hobgoblin (D:1)
  A frilled lizard (D:1)
3 creatures vanquished.

Notes
Turn   | Place    | Note
-------+----------+-------------------------------------------
     0 | D:1      | iamserjio the Vine Stalker Skald began the quest for the Orb.
     0 | D:1      | Reached XP level 1. HP: 11/11 MP: 4/4
   187 | D:2      | Noticed Sigmund
   200 | D:2      | Killed from afar by Sigmund

Vault maps used:
D:1:      dpeg_arrival_radiant, corexii_hall_statues_i,
          minmay_shallow_snake_nest
D:2:      minmay_wonky_spiral, uniq_sigmund

Action                   || total
-------------------------++-------
Melee: Unarmed           ||    15
       Bite              ||     3
       Punch             ||     1
 Cast: Infusion          ||     2
Armor: Leather armour    ||     6
Dodge: Dodged            ||     4

Table legend:
 A = Spawn XP
 B = Non-spawn XP
 C = Spawn XP percentage of total XP
 D = Spawn monster count
 E = Non-spawn monster count
 F = Spawn count percentage of total count
 G = Total turns spent on level
                    A         B        C        D         E        F      G
               +---------+---------+-------+---------+---------+-------+---------
         Total |       0 |       5 |   0.0 |       0 |       3 |   0.0 |   200
               +---------+---------+-------+---------+---------+-------+---------
           D:1 |       0 |       5 |   0.0 |       0 |       3 |   0.0 |   187
               +---------+---------+-------+---------+---------+-------+---------
